 Dungeon Crawl Stone Soup version 0.28.0-49-g6dfe1f597d (webtiles) character file.

Game seed: 1200998831128406557

100 Atelerd the Digger (level 4, -5/27 HPs)
             Began as an Octopode Earth Elementalist on May 15, 2022.
             Slain by a kobold brigand
             ... wielding a +0 dagger
              (9 damage)
             ... on level 3 of the Dungeon.
             The game lasted 00:01:42 (2726 turns).

Atelerd the Digger (Octopode Earth Elementalist)    Turns: 2726, Time: 00:01:43

Health: -5/27      AC:  1    Str:  7    XL:     4   Next: 74%
Magic:  6/8        EV: 13    Int: 19    God:
Gold:   43         SH:  0    Dex: 12    Spells: 4/9 levels left

rFire   . . .      SeeInvis .   f - +0 dagger
rCold   . . .      Faith    .   (no shield)
rNeg    . . .      Spirit   .   (helmet restricted)
rPois   .          Reflect  .   (no amulet)
rElec   .          Harm     .   (no ring)
rCorr   .          Rampage  .   (no ring)
Will    .....                   (no ring)
Stlth   +++.......              (no ring)
HPRegen 0.09/turn               (no ring)
MPRegen 0.11/turn               (no ring)
                                (no ring)
                                (no ring)

@: no status effects
A: almost no armour, amphibious, 8 rings, camouflage 1, gelatinous body 1,
(nimble swimmer 1), tentacles
a: no special abilities


You were on level 3 of the Dungeon.
You visited 1 branch of the dungeon, and saw 4 of its levels.

You collected 43 gold pieces.

Inventory:

Hand Weapons
 f - a +0 dagger (weapon)
Missiles
 b - 43 stones
Jewellery
 c - an amulet of magic regeneration
Wands
 l - a wand of acid (7)
Scrolls
 e - a scroll of teleportation {unknown}
 h - a scroll of holy word {unknown}
 i - a scroll of fog {unknown}
 j - a scroll of identify {unknown}
 k - a scroll of vulnerability {unknown}
Potions
 a - a potion of attraction {unknown}
 d - a potion of heal wounds {unknown}
 g - 4 potions of curing {unknown}


   Skills:
 + Level 0.4 Fighting
 + Level 0.2 Short Blades
 - Level 2.0 Dodging
 + Level 3.4 Stealth
 + Level 3.1 Spellcasting
 + Level 1.2 Transmutations
 + Level 4.1 Earth Magic


You had 4 spell levels left.
You knew the following spells:

 Your Spells              Type           Power      Damage    Failure   Level
a - Sandblast             Erth           36%        2d10      2%          1
p - Petrify               Tmut/Erth      13%        N/A       45%         4

Your spell library contained the following spells:

 Spells                   Type           Power      Damage    Failure   Level
 Passwall                 Tmut/Erth      10%        N/A       8%          2
 Stone Arrow              Conj/Erth      20%        3d8       19%         3
 Scorch                   Fire           4%         2d5       22%         2
 Flame Wave               Conj/Fire      2%         2d4       83%         4
 Summon Cactus Giant      Summ           1%         N/A       100%        6


Dungeon Overview and Level Annotations

Branches:
Dungeon (4/15)
 Temple: D:4-7

Altars:

Annotations:
D:2 exclusion: downstairs


Innate Abilities, Weirdness & Mutations

You cannot wear most types of armour.
You are amphibious.
You can wear up to eight rings at the same time.
Your skin changes colour to match your surroundings (Stealth+).
Your rubbery body absorbs attacks. (AC +1, EV +1)
((You are camouflaged when in or above water. (Stealth+)))
You have tentacles for arms and can constrict up to eight enemies at once.


Message History

Aiming: Petrify (potentially lethal; 47% risk of failure)
Press: ? - help, Shift-Dir - straight line, f/p - kobold brigand
Aim: a kobold brigand, wielding a +0 dagger and quivering poisoned darts (chance to affect: 46%)
You miscast Petrify.
You are caught in an explosion of flying shrapnel.
Unknown command.
There is a stone staircase leading down here.
You climb downwards.
Found a ring mail.
There is a stone staircase leading up here.
You start resting.
Your magical contamination has completely faded away.
You start resting.
Magic restored.
You start resting.
HP restored.
An orc and an orc priest come into view.
The blast of sand hits the orc priest!
The orc priest is severely wounded.
The orc priest shouts!
The orc shouts! x2; You hear a shout!
The orc priest calls down the wrath of Beogh upon you.
Pain shoots through your body!
An orc wizard comes into view. It is wielding a +0 dagger.
The blast of sand misses the orc priest.
The orc priest casts a cantrip, but nothing happens.
You barely miss the orc priest. You grab the orc priest.
You squeeze the orc priest.
You kill the orc priest!
The orc priest invokes the aid of Beogh against you.
Beogh smites you!
* * * LOW HITPOINT WARNING * * *
Your Spellcasting skill increases to level 3!
Your Earth Magic skill increases to level 4!
There is a stone staircase leading up here.
The orc hits you with a +0 dagger.
* * * LOW HITPOINT WARNING * * *
The orc priest looks satisfied for a moment.
You climb upwards.
The kobold brigand hits you with a +0 dagger!
You die...

.....<.......................^..
......###..<...............###..
#.###.# #.........###.)...## #.#
#.#####.####### #...(.# #.#
#............# #.....# #.#
#######.####.# ####.... #.# #K#
#.# ##.## #.# ### #.# #.#
#.####...##.####@#### #...#
#.......Ko...#
###.##...##.####.##.# #.###. #)#
#.# # #.# #.###.####.# #.#
#.......##.# ##.#######.#.##.#
##...............#
....#######........


You could see a kobold brigand and an orc.

Vanquished Creatures
  An orc priest (D:4)
  3 adders (D:2)
  A dart slug (D:2)
  3 endoplasms
  5 goblins
  5 hobgoblins
  7 jackals
  5 kobolds
  A quokka (D:2)
  2 ball pythons
  3 bats
  2 frilled lizards
  2 rats
40 creatures vanquished.

Notes
Turn   | Place    | Note
-------+----------+-------------------------------------------
     0 | D:1      | Atelerd the Octopode Earth Elementalist began the quest for
                  | the Orb.
     0 | D:1      | Reached XP level 1. HP: 11/11 MP: 3/3
   457 | D:1      | Reached XP level 2. HP: 2/17 MP: 1/5
  1168 | D:2      | Reached XP level 3. HP: 21/21 MP: 4/6
  1208 | D:2      | Found a faded altar of an unknown god.
  1814 | D:2      | Reached XP level 4. HP: 23/27 MP: 5/8
  2184 | D:3      | Noticed a kobold brigand
  2552 | D:3      | Learned a level 4 spell: Petrify
  2723 | D:4      | Reached skill level 4 in Earth Magic
  2726 | D:3      | Slain by a kobold brigand

Illustrated notes

Levels and vault maps discovered:
D:1:      dpeg_arrival_tiny_e, layout_basic
D:2:      layout_loops_cross, shapermc_ecumenical_altar_notcrosses
D:3:      layout_loops_ring
D:4:      layout_loops_cross, st_stairs_5, corexii_checkpoint_a,
          kennysheep_cross_room

Skill      XL: |  1  2  3  4 |
---------------+-------------+-----
Stealth        | 3 |  3.4
Spellcasting   | 3 |  3.1
Earth Magic    | 4 |  4.1
Fighting       | |  0.4
Short Blades   | |  0.2
Dodging        | |  2.0
Transmutations | |  1.2

Action                   |  1- 3 |  4- 6 || total
-------------------------+-------+-------++-------
Melee: Unarmed           |    12 |       ||    12
       Constrict         |     8 |     3 ||    11
       Tentacles         |     5 |     2 ||     7
       Dagger            |    15 |     4 ||    19
 Cast: Sandblast         |    30 |    14 ||    44
 Stab: Sleeping          |     3 |       ||     3
Armor: Skin              |     2 |     1 ||     3
Dodge: Dodged            |    36 |    10 ||    46
